 Dungeon Crawl Stone Soup version 0.24.0-125-gc4c63601f3 (console) character file.

Game seed: 3558863180963407828, levelgen mode: deterministic

280 Kagalorn the Sneak (level 6, -4/36 HPs)
             Began as an Octopode Venom Mage on Mar 9, 2020.
             Slain by a centaur skeleton (5 damage)
             ... on level 4 of the Dungeon.
             The game lasted 00:09:54 (3019 turns).

Kagalorn the Sneak (Octopode Venom Mage)            Turns: 3019, Time: 00:09:55

Health: -4/36      AC:  1    Str:  7    XL:     6   Next: 27%
Magic:  9/11       EV: 13    Int: 20    God:
Gold:   155        SH:  0    Dex: 12    Spells: 9/12 levels left

rFire    . . .     SeeInvis .   (no weapon)
rCold    . . .     Gourm    .   (no shield)
rNeg     . . .     Faith    .   (helmet restricted)
rPois    .         Spirit   .   (no amulet)
rElec    .         Reflect  .   (no ring)
rCorr    .         Harm     .   (no ring)
MR       .....                  (no ring)
Stlth    ++++......             (no ring)
HPRegen  0.12/turn              (no ring)
MPRegen  0.12/turn              (no ring)
                                (no ring)
                                (no ring)

@: very slightly contaminated
A: almost no armour, stealthy swim, amphibious, 8 rings, constrict 8, camouflage
1, gelatinous body 1
a: no special abilities


You were on level 4 of the Dungeon.
You were hungry.

You visited 1 branch of the dungeon, and saw 4 of its levels.

You collected 155 gold pieces.

Inventory:

Missiles
 a - 168 stones (quivered)
Scrolls
 c - a scroll of fear {unknown}
 d - 2 scrolls of teleportation {unknown}
 e - 6 scrolls of identify {unknown}
 h - 2 scrolls of blinking {unknown}
 k - 2 scrolls of remove curse {unknown}
 n - a scroll of magic mapping {unknown}
Potions
 f - a potion of mutation {unknown}
 g - 2 potions of berserk rage {unknown}
 i - 3 potions of heal wounds {unknown}
 j - a potion of degeneration {unknown}
 m - a potion of brilliance {unknown}
 o - a potion of curing {unknown}
Comestibles
 b - 5 rations
 l - a chunk of flesh


   Skills:
 - Level 2.0 Dodging
 * Level 6.2 Stealth
 * Level 3.9 Spellcasting
 - Level 1.0 Conjurations
 + Level 4.8 Poison Magic


You had 9 spell levels left.
You knew the following spells:

 Your Spells              Type           Power        Failure   Level  Hunger
a - Sting                 Conj/Pois      ###.         3%          1    None
b - Poisonous Vapours     Pois/Air       ##....       7%          2    ##.....

Your spell library contained the following spells:

 Spells                   Type           Power        Failure   Level  Hunger
 Mephitic Cloud           Conj/Pois/Air  ##......     17%         3    ###....
 Olgreb's Toxic Radiance  Pois           ###.....     17%         4    ####...
 Venom Bolt               Conj/Pois      ###.......   71%         5    ######.


Dungeon Overview and Level Annotations

Branches:
Dungeon (4/15)
 Temple: D:4-7

Altars:
Elyvilon
Kikubaaqudgha
Sif Muna
Wu Jian


Innate Abilities, Weirdness & Mutations

You cannot wear most types of armour.
You are very stealthy in the water. (Stealth+)
You are amphibious.
You can wear up to eight rings at the same time.
You can use your tentacles to constrict eight enemies at once.
Your skin changes colour to match your surroundings (Stealth+).
Your rubbery body absorbs attacks. (AC +1, EV +1)


Message History

You tentacle-slap the centaur skeleton but do no damage.
The centaur skeleton is heavily damaged.
The centaur skeleton barely misses you. The centaur skeleton misses you.
You tentacle-slap the centaur skeleton.
The centaur skeleton is heavily damaged.
The centaur skeleton barely misses you.
You tentacle-slap the centaur skeleton but do no damage.
You squeeze the centaur skeleton.
The centaur skeleton is severely damaged.
A hound comes into view.
The centaur skeleton hits you.
The hound barks!
You tentacle-slap the centaur skeleton.
The centaur skeleton is severely damaged.
The centaur skeleton hits you.
* * * LOW HITPOINT WARNING * * *
The centaur skeleton hits you!
* * * LOW HITPOINT WARNING * * *
The centaur skeleton hits you.
You die...

#######
##......#
##........
#(........
#.........
#?†.......
#.@.......
#..Z......
##........
#........
.....h...
.........
.........
#...:.....


You could see a hound and a centaur skeleton.

Vanquished Creatures
  A bullfrog (D:3)
  A howler monkey (D:2)
  2 iguanas
  A worker ant (D:4)
  3 adders
  An ooze (D:2)
  A worm (D:3)
  3 dart slugs (D:1)
  2 leopard geckos
  6 orcs
  5 bats
  3 giant cockroaches
  5 goblins
  3 hobgoblins
  6 jackals (D:1)
  A quokka (D:3)
  3 frilled lizards
  7 kobolds
  7 rats
61 creatures vanquished.

Notes
Turn   | Place    | Note
-------+----------+-------------------------------------------
     0 | D:1      | Kagalorn the Octopode Venom Mage began the quest for the
                  | Orb.
     0 | D:1      | Reached XP level 1. HP: 11/11 MP: 3/3
    53 | D:1      | Reached skill level 3 in Stealth
    86 | D:1      | Reached XP level 2. HP: 17/17 MP: 1/5
    91 | D:1      | Learned a level 2 spell: Poisonous Vapours
   428 | D:1      | Reached XP level 3. HP: 18/21 MP: 2/6
  1204 | D:2      | Reached skill level 4 in Stealth
  1311 | D:2      | Reached XP level 4. HP: 27/27 MP: 4/8
  1484 | D:2      | Reached skill level 5 in Stealth
  1484 | D:2      | Reached XP level 5. HP: 31/31 MP: 7/9
  2296 | D:3      | Found a faded altar of an unknown god.
  2296 | D:3      | Found a shimmering blue altar of Sif Muna.
  2301 | D:3      | Found an ornate altar of the Wu Jian Council.
  2303 | D:3      | Found an ancient bone altar of Kikubaaqudgha.
  2305 | D:3      | Found a white marble altar of Elyvilon.
  2941 | D:3      | Reached skill level 6 in Stealth
  2941 | D:3      | Reached XP level 6. HP: 25/36 MP: 3/11
  3018 | D:4      | HP: 1/36 [centaur skeleton (7)]
  3019 | D:4      | Slain by a centaur skeleton

Levels and vault maps discovered:
D:1:      saegor_arrival_simple_d, layout_basic
D:2:      layout_loops_corners, kennysheep_potato
D:3:      layout_loops_ring, chequers_temple_overflow_minitemple
D:4:      cheibrodos_greedy_goblins, layout_rooms

Skill      XL: |  1  2  3  4  5 |
---------------+----------------+-----
Stealth        | 3 4 5 6 |  6.2
Poison Magic   | 4 |  4.8
Spellcasting   | 3 |  3.9
Dodging        | |  2.0
Conjurations   | |  1.0

Action                   |  1- 3 |  4- 6 || total
-------------------------+-------+-------++-------
Melee: Unarmed           |    19 |    45 ||    64
       Constrict         |     9 |    10 ||    19
       Tentacles         |     4 |    11 ||    15
 Cast: Sting             |    52 |    61 ||   113
 Stab: Sleeping          |       |     2 ||     2
  Eat: Chunk             |       |     6 ||     6
Armor: Skin              |     7 |     1 ||     8
Dodge: Dodged            |    28 |    34 ||    62
